 Dungeon Crawl Stone Soup version 0.28.0-62-gf88900778d (webtiles) character file.

Game seed: 4870153922402127030

18 cbfl8 the Magician (level 2, -1/26 HPs)
             Began as a Gnoll Wanderer on June 24, 2023.
             Slain by a hobgoblin (3 damage)
             ... on level 2 of the Dungeon.
             The game lasted 00:01:56 (948 turns).

cbfl8 the Magician (Gnoll Wanderer)                  Turns: 948, Time: 00:01:57

Health: -1/26      AC:  2    Str: 11    XL:     2   Next: 66%
Magic:  10/10      EV: 11    Int: 12    God:
Gold:   11         SH:  0    Dex: 10    Spells: 15/15 levels left

rFire   . . .      SeeInvis .   g - +0 hand axe
rCold   . . .      Faith    .   (no shield)
rNeg    . . .      Spirit   .   c - +0 robe
rPois   .          Reflect  .   (no helmet)
rElec   .          Harm     .   (no cloak)
rCorr   .          Rampage  .   (no gloves)
Will    .....                   (no boots)
Stlth   +.........              (no amulet)
HPRegen 0.08/turn               (no ring)
MPRegen 0.12/turn               (no ring)

@: no status effects
A: fangs 1, strong nose, distributed training
a: no special abilities


You were on level 2 of the Dungeon.
You visited 1 branch of the dungeon, and saw 2 of its levels.

You collected 11 gold pieces.

Inventory:

Hand Weapons
 g - a +0 hand axe (weapon)
Missiles
 b - 23 stones (quivered)
 h - 2 throwing nets
Armour
 c - a +0 robe (worn)
Scrolls
 a - a scroll of enchant armour {unknown}
 d - a scroll of fog
 e - a scroll of holy word {unknown}
 f - a scroll of enchant weapon {unknown}


   Skills:
 + Level 4.5 Fighting
 + Level 0.5 Short Blades
 + Level 0.5 Long Blades
 + Level 0.5 Axes
 + Level 0.5 Maces & Flails
 + Level 0.5 Polearms
 + Level 0.5 Staves
 + Level 0.5 Slings
 + Level 0.5 Bows
 + Level 0.5 Crossbows
 + Level 0.5 Throwing
 + Level 0.5 Armour
 + Level 0.5 Dodging
 + Level 0.5 Stealth
 + Level 0.5 Shields
 + Level 0.5 Unarmed Combat
 + Level 7.1 Spellcasting
 + Level 0.3 Conjurations
 + Level 0.3 Hexes
 + Level 0.3 Summonings
 + Level 3.7 Necromancy
 + Level 0.3 Translocations
 + Level 0.3 Transmutations
 + Level 0.3 Fire Magic
 + Level 0.3 Ice Magic
 + Level 0.3 Air Magic
 + Level 5.3 Earth Magic
 + Level 0.3 Poison Magic
 + Level 0.6 Invocations
 + Level 0.5 Evocations


You had 15 spell levels left.
You didn't know any spells.
Your spell library contained the following spells:

 Spells                   Type           Power      Damage    Failure   Level
 Sandblast                Erth           34%        2d9       1%          1
 Animate Skeleton         Necr           26%        N/A       3%          1
 Vampiric Draining        Necr           13%        2d6       11%         3
 Stone Arrow              Conj/Erth      22%        3d8       16%         3
 Animate Armour           Summ/Erth      22%        N/A       45%         4


Dungeon Overview and Level Annotations

Branches:
Dungeon (2/15)

Altars:


Innate Abilities, Weirdness & Mutations

You have very sharp teeth.
Your uncanny sense of smell can sniff out nearby items.
Your experience applies equally to all skills.


Message History

There is a stone staircase leading up here.
You hit the endoplasm but do no damage. You completely miss the rat.
You hit the ball python. You closely miss the hobgoblin. x2
The ball python barely misses you. The ball python closely misses you.
The endoplasm closely misses you.
The hobgoblin hits you but does no damage.
The ball python barely misses you. The ball python grabs you.
The ball python constricts you. The hobgoblin barely misses you.
The rat closely misses you. The endoplasm freezes you.
You are frozen.
You are too injured to fight recklessly!
Unknown command.
You are too injured to fight recklessly!
Unknown command.
You are too injured to fight recklessly!
You hit the ball python.
You kill the ball python!
You hit the rat.
You kill the rat!
You hit the endoplasm.
You hit the hobgoblin but do no damage. x2
The hobgoblin barely misses you. The hobgoblin hits you.
The endoplasm barely misses you.
You barely miss the hobgoblin. You barely miss the endoplasm.
You barely miss the hobgoblin.
The hobgoblin hits you but does no damage. x2
The endoplasm freezes you.
You are frozen.
* * * LOW HITPOINT WARNING * * *
The hobgoblin hits you.
* * * LOW HITPOINT WARNING * * *
You closely miss the hobgoblin.
You bite the hobgoblin, but do no damage.
You barely miss the endoplasm. You barely miss the hobgoblin.
The hobgoblin closely misses you. The endoplasm freezes you.
You are frozen.
* * * LOW HITPOINT WARNING * * *
The hobgoblin hits you.
You die...

.# + .+ # #.
.##.#
#####.#+#..#.##
......J÷†......
#@†..####
#gg......
#÷.......
#.######. #.#
#.# #.# #.# #.#


You could see an endoplasm and 2 hobgoblins.

Vanquished Creatures
  A ball python (D:2)
  3 bats
  An endoplasm (D:1)
  A giant cockroach (D:1)
  A goblin (D:1)
  2 hobgoblins (D:1)
  2 kobolds (D:1)
  2 quokkas (D:1)
  3 rats
16 creatures vanquished.

Notes
Turn   | Place    | Note
-------+----------+-------------------------------------------
     0 | D:1      | cbfl8 the Gnoll Wanderer began the quest for the Orb.
     0 | D:1      | cbfl8 set off with the following items: a +0 club, 21
                  | stones, a +0 robe, a scroll of fog; and the following
                  | spells available to memorise: Sandblast, Animate Skeleton,
                  | Vampiric Draining, Stone Arrow, Animate Armour
     0 | D:1      | Reached XP level 1. HP: 20/20 MP: 8/8
   163 | D:1      | Reached XP level 2. HP: 4/26 MP: 10/10
   478 | D:1      | Found a faded altar of an unknown god.
   948 | D:2      | Slain by a hobgoblin

Illustrated notes

Levels and vault maps discovered:
D:1:      zelgadis_glass_arrival_small, layout_rooms, basic_ecumenical_altar
D:2:      layout_basic, uniq_terence

Action                   || total
-------------------------++-------
Melee: Club              ||    33
       Punch             ||     2
       Bite              ||     5
       Hand axe          ||    24
Armor: Robe              ||    47
Dodge: Dodged            ||    85
